 Dungeon Crawl Stone Soup version 0.20.1-1-g8b1a95d (webtiles) character file.

425 Jannitor the Skirmisher (level 6, -3/46 HPs)
             Began as an Octopode Chaos Knight on Oct 19, 2017.
             Splashed by a jelly's acid (10 damage)
             ... on level 5 of the Dungeon.
             The game lasted 00:08:56 (3180 turns).

Jannitor the Skirmisher (Octopode Chaos Knight)     Turns: 3180, Time: 00:08:56

Health: -3/46      AC: -5    Str: 12    XL:     6   Next: 96%
Magic:  6/6        EV: 14    Int: 15    God:    Xom [*.....]
Gold:   95         SH:  0    Dex: 12    Spells: 5/5 levels left

rFire    . . .     SeeInvis .   h - +2 dagger (venom)
rCold    . . .     Gourm    .   (no shield)
rNeg     . . .     Faith    .   (helmet restricted)
rPois    .         Spirit   .   (no amulet)
rElec    .         Reflect  .   d - +2 ring of protection
rCorr    .         Harm     .   (no ring)
MR       .....                  (no ring)
Stlth    ++........             (no ring)
Regen    0.2/turn               (no ring)
MPRegen  0.1/turn               (no ring)
                                (no ring)
                                (no ring)

@: corroded, very slightly contaminated
A: almost no armour, stealthy swim, amphibious, 8 rings, constrict 8, camouflage
1, gelatinous body 1
a: Renounce Religion


You were on level 5 of the Dungeon.
You worshipped Xom.
You were a special plaything of Xom.
You were not hungry.

You visited 1 branch of the dungeon, and saw 5 of its levels.

You collected 95 gold pieces.

Inventory:

Hand Weapons
 a - a +0 spear of chaos
 h - a +2 dagger of venom (weapon)
Missiles
 p - 4 tomahawks of dispersal (quivered)
Jewellery
 d - a +2 ring of protection (left tentacle)
Scrolls
 g - 2 scrolls of identify
 i - 2 scrolls of remove curse {unknown}
 j - a scroll of teleportation
 l - a scroll of noise {unknown}
 n - a scroll of recharging {unknown}
 o - a scroll of blinking
Potions
 c - 2 potions of haste
 e - 2 potions of brilliance
 f - a potion of heal wounds
 k - a potion of curing
 m - a potion of degeneration {unknown}
Comestibles
 b - a bread ration


   Skills:
 * Level 5.9 Fighting
 + Level 4.4 Polearms
 + Level 4.0 Dodging


You had 5 spell levels left.
You didn't know any spells.

Dungeon Overview and Level Annotations

Branches:
Dungeon (5/15)             Temple (0/1) D:5

Altars:
Trog

Annotations:
D:3 woodbendar's ghost, weakling DgFE


Innate Abilities, Weirdness & Mutations

You cannot wear most types of armour.
You are very stealthy in the water. (Stealth+)
You are amphibious.
You can wear up to eight rings at the same time.
You can use your tentacles to constrict eight enemies at once.
Your skin changes colour to match your surroundings (Stealth+).
Your rubbery body absorbs attacks. (AC +1, EV +1)


Message History

You hit the jelly. The acid corrodes you!
Your tentacles burn!
The jelly is lightly wounded.
You are engulfed in seething chaos.
The jelly hits you.
You are splashed with acid!
The acid burns!
You hit the jelly but do no damage.
The jelly is poisoned.
Your tentacles burn!
The jelly is lightly wounded.
You are engulfed in seething chaos.
The jelly hits you. The acid corrodes you!
You are splashed with acid!
The acid burns!
* * * LOW HITPOINT WARNING * * *
You see here a jackal corpse.
Unknown command.
The jelly is engulfed in seething chaos.
The jelly flickers and vanishes!
Deactivating autopickup; reactivate with Ctrl-A.
Found 20 gold pieces.
Something hits you.
* * * LOW HITPOINT WARNING * * *
You are splashed with acid!
The acid burns!
You die...
Xom giggles madly!

.......## # ##.
.........#. ......
#...#####.# .....
#...# #.###.#$..
#...# #.##.. #..
>..######[##.# #.#
##........##†###.#
########........#
#.##.###@# #.##.#
#{# #.##.###.## #
#.##...≈≈≈#.#
#.######≈.#.#
#...≈†......#
########≈≈### #..#
#.†#


There were no monsters in sight!

Vanquished Creatures
  An ogre (D:5)
  A scorpion (D:5)
  A crimson imp (D:3)
  Natasha (D:2)
  Terence (D:3)
  A worker ant (D:5)
  4 gnolls (D:3)
  4 adders
  2 worms (D:3)
  2 dart slugs
  3 leopard geckos
  6 orcs (D:3)
  4 bats
  8 giant cockroaches
  10 goblins
  12 hobgoblins
  8 jackals
  2 quokkas
  3 ball pythons
  3 frilled lizards
  6 kobolds
  A quokka skeleton (D:4)
  7 rats
91 creatures vanquished.

Notes
Turn   | Place    | Note
-------+----------+-------------------------------------------
     0 | D:1      | Jannitor the Octopode Chaos Knight began the quest for the Orb.
     0 | D:1      | Reached XP level 1. HP: 16/16 MP: 1/1
     8 | D:1      | XOM: divination: detect creatures
    99 | D:1      | XOM: harmless Summ miscast
   123 | D:1      | Reached XP level 2. HP: 18/21 MP: 2/2
   488 | D:1      | Reached XP level 3. HP: 26/26 MP: 3/3
   587 | D:1      | XOM: silly message
  1005 | D:3      | XOM: potion effect (agility)
  1238 | D:2      | Found a bloodstained altar of Trog.
  1257 | D:2      | XOM: harmless Air miscast
  1275 | D:2      | XOM: harmless Tloc miscast
  1421 | D:2      | Reached skill level 4 in Fighting
  1440 | D:2      | Reached XP level 4. HP: 33/33 MP: 4/4
  1483 | D:2      | Noticed Natasha
  1488 | D:2      | Killed Natasha
  1577 | D:2      | XOM is BORED!
  1577 | D:2      | XOM: silly message
  1832 | D:3      | XOM: butterfly on damage
  1836 | D:3      | Reached XP level 5. HP: 30/38 MP: 5/5
  1863 | D:3      | Noticed woodbendar's ghost (weakling DgFE)
  1986 | D:3      | XOM: harmless Fire miscast
  2049 | D:3      | XOM: divination: magic mapping
  2049 | D:3      | Reached skill level 5 in Fighting
  2194 | D:3      | Noticed Terence
  2204 | D:3      | Killed Terence
  2256 | D:3      | XOM: harmless Pois miscast
  2314 | D:3      | Reached XP level 6. HP: 45/45 MP: 6/6
  2534 | D:3      | XOM: cloud trail
  2798 | D:5      | Entered Level 5 of the Dungeon
  2836 | D:5      | Found a staircase to the Ecumenical Temple.
  2837 | D:5      | XOM: harmless Pois miscast
  2841 | D:5      | XOM: harmless Pois miscast
  2844 | D:5      | XOM: divination: detect creatures
  2854 | D:5      | XOM: potion effect (might)
  2858 | D:5      | XOM: butterfly on damage
  3121 | D:5      | XOM: potion effect (invisibility)
  3142 | D:5      | XOM is BORED!
  3142 | D:5      | XOM: mild Air miscast
  3169 | D:5      | XOM: chaos cloud
  3180 | D:5      | Splashed by a jelly's acid

Skill      XL: |  1  2  3  4  5  6 |
---------------+-------------------+-----
Fighting       | 4 5 |  5.9
Dodging        | 3 4 |  4.0
Polearms       | 4 |  4.4

Action                   |  1- 3 |  4- 6 || total
-------------------------+-------+-------++-------
Melee: Spear             |    17 |       ||    17
       Constrict         |    23 |    32 ||    55
       Tentacles         |     8 |    17 ||    25
       Dagger            |    55 |   118 ||   173
  Use: Scroll            |     6 |       ||     6
       Potion            |       |     1 ||     1
 Stab: Sleeping          |     7 |    10 ||    17
       Distracted        |     1 |       ||     1
       Invisible         |       |     1 ||     1
  Eat: Chunk             |     1 |     4 ||     5
       Bread ration      |       |     1 ||     1
Armor: Skin              |     5 |     9 ||    14
Dodge: Dodged            |    21 |    60 ||    81
